 Dungeon Crawl Stone Soup version 0.24.0-35-gdb84b6a5db (webtiles) character file.

Game seed: 78316863019274178, levelgen mode: deterministic

82 lepoulpe303 the Slasher (level 4, -3/31 HPs)
             Began as a Halfling Berserker on Nov 18, 2019.
             Was a Believer of Trog.
             Slain by a kobold
             ... wielding a +0 short sword
              (4 damage)
             ... on level 2 of the Dungeon.
             The game lasted 00:03:48 (1962 turns).

lepoulpe303 the Slasher (Halfling Berserker)        Turns: 1962, Time: 00:03:48

Health: -3/31      AC:  4    Str: 19    XL:     4   Next: 70%
Magic:  4/4        EV:  8    Int:  5    God:    Trog [**....]
Gold:   105        SH:  0    Dex: 13    Spells: 3/3 levels left

rFire    . . .     SeeInvis .   a - +0 falchion
rCold    . . .     Gourm    .   (shield restricted)
rNeg     . . .     Faith    .   m - +0 leather armour
rPois    .         Spirit   .   (no helmet)
rElec    .         Reflect  .   (no cloak)
rCorr    .         Harm     .   (no gloves)
MR       .....                  l - +0 pair of boots
Stlth    +.........             (no amulet)
HPRegen  0.10/turn              (no ring)
MPRegen  0.09/turn              (no ring)

@: berserk cooldown, held, slowed, very slow
A: small, mutation resistance 1
a: Berserk, Trog's Hand, Renounce Religion


You were on level 2 of the Dungeon.
You worshipped Trog.
Trog was pleased with you.
You were very hungry.

You visited 1 branch of the dungeon, and saw 2 of its levels.

You collected 105 gold pieces.

Inventory:

Hand Weapons
 a - a +0 falchion (weapon)
 b - a +3 dagger
Missiles
 Q - 24 stones (quivered)
Armour
 l - a +0 pair of boots (worn)
 m - a +0 leather armour (worn)
Scrolls
 c - 2 scrolls of teleportation {unknown}
 f - a scroll of immolation {unknown}
 h - 3 scrolls of identify {unknown}
Potions
 d - 2 potions of mutation {unknown}
 g - a potion of curing {unknown}
 i - 2 potions of heal wounds {unknown}
Comestibles
 e - 4 rations
 j - a chunk of flesh


   Skills:
 * Level 3.4 Fighting
 * Level 3.7 Long Blades
 + Level 2.7 Armour
 + Level 2.6 Dodging
 + Level 1.3 Stealth


You had 3 spell levels left.
You didn't know any spells.
Your spell library was empty.

Dungeon Overview and Level Annotations

Branches:
Dungeon (2/15)

Altars:


Innate Abilities, Weirdness & Mutations

You are small and have problems with some larger weapons.
You are somewhat resistant to further mutation.


Message History

The kobold hits you with a +0 short sword.
* * * LOW HITPOINT WARNING * * *
You take 2 damage, and have 4/31 hp.
Unknown command.
You regained 2 hp, and now have 6/31 hp.
The gnoll throws a throwing net.
The throwing net hits you.
You become entangled in the net!
The kobold barely misses you.
You see here a throwing net {=f}.
You tear a large gash into the net.
The kobold completely misses you.
You riposte.
You barely miss the kobold.
You regained 2 hp, and now have 9/31 hp.
You struggle against the net.
Your skin stops crawling.
You feel less resistant to hostile enchantments.
The kobold hits you with a +0 short sword.
* * * LOW HITPOINT WARNING * * *
The gnoll hits you with a +0 flail.
* * * LOW HITPOINT WARNING * * *
The kobold hits you with a +0 short sword.
You die...

#.# #.......# #)
####.#### #.).....# #.
#.......# #.......# #.
#.##.##.# #.......# #.
#.##)##.# #.......# #.
#.##....# #.......# #.
#.####..#########รท#####.
#.###.gK....### #.......
#......@###.#.#######.##
#####[.####..#.## #.#
#..#......#.# #.#
#....##....######.#
#....[............#
#########.######### ###


You could see a gnoll and a kobold.

Levels and vault maps discovered:
D:1:      onia_arrival_mini_maze_b, layout_loops_ring
D:2:      layout_loops_cross, lemuel_round_altar

Notes
Turn   | Place    | Note
-------+----------+-------------------------------------------
     0 | D:1      | lepoulpe303 the Halfling Berserker began the quest for the
                  | Orb.
     0 | D:1      | Reached XP level 1. HP: 15/15 MP: 1/1
    93 | D:1      | Identified a +0 short sword
   157 | D:1      | Reached XP level 2. HP: 9/20 MP: 2/2
   456 | D:1      | Identified a +0 club
   543 | D:1      | Reached skill level 3 in Fighting
   660 | D:1      | Identified a +0 club
   767 | D:1      | Reached XP level 3. HP: 20/26 MP: 3/3
   783 | D:1      | Identified a +3 dagger
   888 | D:1      | Identified a +0 club
  1069 | D:2      | Identified a +0 club
  1071 | D:2      | Identified a +0 falchion
  1132 | D:2      | Identified a +0 club
  1162 | D:2      | Reached ** piety under Trog
  1420 | D:2      | Reached skill level 1 in Stealth
  1420 | D:2      | Reached XP level 4. HP: 25/31 MP: 4/4
  1787 | D:2      | Identified a +0 pair of boots (You found it on level 2 of
                  | the Dungeon)
  1908 | D:2      | Identified a +0 leather armour (You found it on level 2 of
                  | the Dungeon)
  1929 | D:2      | Identified a +0 flail
  1930 | D:2      | Identified a +0 short sword
  1930 | D:2      | Identified a +0 spear
  1946 | D:2      | Identified a +0 flail
  1955 | D:2      | HP: 4/31 [gnoll/+0 flail (12)]
  1962 | D:2      | HP: 7/31 [kobold/+0 short sword (2)]
  1962 | D:2      | HP: 1/31 [gnoll/+0 flail (6)]
  1962 | D:2      | Slain by a kobold

Table legend:
 A = Turns spent in this place as a percentage of turns spent in the entire game.
 B = Non-inter-level travel turns spent in this place as a percentage of non-inter-level travel turns spent in the entire game.
 C = Inter-level travel turns spent in this place as a percentage of turns spent in this place.
 D = Turns resting spent in this place as a percentage of non-inter-level travel turns spent in this place.
 E = Turns spent auto-exploring this place as a percentage of non-inter-level travel turns spent in this place.
 F = Non-inter-level travel turns spent in this place divided by the number of levels of this place that you've seen.
                   A       B       C       D       E      F
               +-------+-------+-------+-------+-------+----------------------
         Total | 100.0 | 100.0 |   3.1 |  32.3 |  48.6 | 951.0
       Dungeon | 100.0 | 100.0 |   3.1 |  32.3 |  48.6 | 951.0
               +-------+-------+-------+-------+-------+----------------------

Table legend:
 A = Kills in this place as a percentage of kills in entire the game.
 B = Kills by you in this place as a percentage of kills by you in the entire game.
 C = Kills by friends in this place as a percentage of kills by friends in the entire game.
 D = Other kills in this place as a percentage of other kills in the entire game.
 E = Experience gained in this place as a percentage of experience gained in the entire game.
 F = Experience gained in this place divided by the number of levels of this place that you have seen.
                   A       B       C       D       E      F
               +-------+-------+-------+-------+-------+----------------------
         Total | 100.0 | 100.0 |   N/A |   N/A | 100.0 |  59.0
       Dungeon | 100.0 | 100.0 |   N/A |   N/A | 100.0 |  59.0
               +-------+-------+-------+-------+-------+----------------------

Skill      XL: |  1  2  3 |
---------------+----------+-----
Fighting       | 3 |  3.4
Stealth        | 1 |  1.3
Long Blades    | |  3.7
Armour         | |  2.7
Dodging        | |  2.6

Action                   |  1- 3 |  4- 6 || total
-------------------------+-------+-------++-------
Melee: Falchion          |    80 |    39 ||   119
       Dagger            |       |     1 ||     1
Throw: Stone             |    63 |     4 ||    67
Invok: Berserk           |       |     1 ||     1
       Trog's Hand       |       |     1 ||     1
 Stab: Sleeping          |     1 |     1 ||     2
  Eat: Chunk             |     2 |     1 ||     3
Armor: Animal skin       |     9 |     1 ||    10
       Leather armour    |       |     2 ||     2
Dodge: Dodged            |    68 |    36 ||   104
       Rpst.: Falchion   |    18 |     9 ||    27

Vanquished Creatures
  2 gnolls (D:2)
  2 adders (D:2)
  An ooze (D:1)
  2 dart slugs
  3 leopard geckos
  3 bats
  4 goblins
  5 hobgoblins
  2 jackals (D:2)
  2 quokkas (D:2)
  4 frilled lizards
  5 kobolds
  A rat (D:1)
36 creatures vanquished.
